 Dungeon Crawl Stone Soup version 0.32-a0-699-g1ee5eff69a (webtiles) character file.

Game seed: 16890826346148118092

89 bobo the Slasher (level 4, -2/31 HPs)
             Began as a Coglin Gladiator on Mar 14, 2024.
             Slain by a cerulean imp
             ... wielding a +2 spear
             ... summoned by Natasha
              (3 damage)
             ... on level 2 of the Dungeon.
             The game lasted 00:03:14 (1146 turns).

bobo the Slasher (Coglin Gladiator)                 Turns: 1146, Time: 00:03:14

Health: -2/31      AC:  4    Str: 15    XL:     4   Next: 55%
Magic:  3/3        EV: 11    Int:  7    God:
Gold:   30         SH:  0    Dex: 17    Spells: 3/3 levels left

rFire   . . .        a - +0 long sword {Ingwe}
rCold   . . .        l - +0 short sword {Chakide}
rNeg    . . .        b - +0 leather armour
rPois   .            c - +0 helmet
rElec   .            (no cloak)
rCorr   .            (no gloves)
SInv    .            (no boots)
Will    .....        (amulet unavailable)
Stlth   +            (ring unavailable)
HPRegen 0.25/turn    (ring unavailable)
MPRegen 0.08/turn    (no gizmo)

%: clarity
@: slowed, revved, very slow
A: off-hand wielding, slow wielding, warmup strikes, no jewellery, clarity,
frail 1, low MP 1
a: Invent Gizmo


You were on level 2 of the Dungeon.
You visited 1 branch of the dungeon, and saw 2 of its levels.

You collected 30 gold pieces.

Inventory:

Hand Weapons
 a - a +0 long sword (weapon) {Ingwe}
 l - a +0 short sword (offhand) {Chakide}
Missiles
 d - 3 throwing nets (quivered)
 e - a javelin
Armour
 b - a +0 leather armour (worn)
 c - a +0 helmet (worn)
Scrolls
 f - a scroll of identify {unknown}
 h - 2 scrolls of teleportation {unknown}
 i - a scroll of enchant weapon {unknown}
Potions
 g - a potion of might


   Skills:
 + Level 3.1 Fighting
 + Level 1.9(3.0) Short Blades
 + Level 3.8(4.1) Long Blades
 - Level 1.7 Throwing
 - Level 2.6 Dodging


You had 3 spell levels left.
You didn't know any spells.
Your spell library contained the following spells:

 Spells                   Type           Power      Damage    Failure   Level
 Call Imp                 Summ           0%         N/A       65%         2
 Sublimation of Blood     Necr           0%         N/A       65%         2
 Summon Hydra             Summ           0%         N/A       100%        7


Dungeon Overview and Level Annotations

Branches:
Dungeon (2/15)

Altars:

Annotations:
D:2 Natasha, Sigmund


Innate Abilities, Weirdness & Mutations

You can wield a second weapon in your off-hand.
It takes a long time for you to wield or remove held weapons.
Your first few attacks do less damage.
You cannot equip rings or amulets.
You possess an exceptional clarity of mind.
You are frail. (-10% HP)
Your magical capacity is low. (-10% MP)


Message History

You resist with some effort.
You hit Natasha with your +0 long sword.
Natasha is moderately wounded.
You closely miss Natasha with your +0 short sword.
The cerulean imp hits you from afar with a +2 spear.
Natasha closely misses you.
You hit Natasha but do no damage.
Natasha is moderately wounded.
You hit Natasha but do no damage. The cerulean imp completely misses you.
Natasha barely misses you.
You miss Natasha with your +0 long sword.
Natasha is moderately wounded.
You hit Natasha with your +0 short sword.
The cerulean imp hits you from afar with a +2 spear.
Natasha claws you.
You hit Natasha with your +0 long sword.
Natasha is severely wounded.
You closely miss Natasha with your +0 short sword.
The cerulean imp hits you from afar with a +2 spear.
The goblin closely misses you. Natasha casts a spell at you.
The magic dart hits you.
* * * LOW HITPOINT WARNING * * *
You hit Natasha with your +0 short sword.
Natasha is severely wounded.
You barely miss Natasha with your +0 long sword.
The cerulean imp hits you from afar with a +2 spear.
* * * LOW HITPOINT WARNING * * *
The goblin barely misses you.
Natasha stares at you and mumbles some strange words.
You feel yourself slow down.
You miss Natasha with your +0 short sword.
Natasha is severely wounded.
You hit Natasha with your +0 long sword.
The cerulean imp barely misses you. The goblin closely misses you.
Natasha mumbles some strange words.
Natasha shimmers violently.
Natasha claws you but does no damage.
The cerulean imp hits you from afar with a +2 spear.
You die...

#......#.###
#......#.#. #...#..#.#
####....... #...#..#.#
#......#
#####.#.....#.# #######
#......#
......#######.# #...|.#
#####.## ###... #.....#
#.# # ###+###.....####
#.# + #..............#
#.# # #....g@......#.#
#.# ..
#....h.......#.#####.#
##
#....5.#+#...#....##.#
<......## #(..).......#
.......'.....†#.......#
.......##.#...#.......#
#.....!...###.#.......#
......... #.........#
.... ....>.###.#


You could see Natasha, a cerulean imp (summoned) and a goblin.

Vanquished Creatures
  Natasha (D:2)
  2 adders (D:2)
  3 dart slugs (D:1)
  2 ball pythons (D:1)
  3 bats (D:1)
  3 endoplasms (D:2)
  3 giant cockroaches
  2 hobgoblins (D:1)
  6 quokkas
  2 frilled lizards (D:1)
  6 goblins
  2 kobolds (D:1)
  3 rats (D:1)
38 creatures vanquished.

Notes
Turn   | Place    | Note
-------+----------+-------------------------------------------
     0 | D:1      | bobo the Coglin Gladiator began the quest for the Orb.
     0 | D:1      | Reached XP level 1. HP: 16/16 MP: 1/1
   129 | D:1      | Reached XP level 2. HP: 20/22 MP: 2/2
   348 | D:1      | Reached skill level 1 in Short Blades
   410 | D:1      | Reached XP level 3. HP: 24/28 MP: 3/3
   800 | D:2      | Noticed Sigmund
  1026 | D:2      | Noticed Natasha
  1031 | D:2      | Killed Natasha
  1032 | D:2      | Reached XP level 4. HP: 33/35 MP: 4/4
  1076 | D:2      | Gained mutation: You are frail. (-10% HP) [potion of
                  | mutation]
  1076 | D:2      | Gained mutation: Your magical capacity is low. (-10% MP)
                  | [potion of mutation]
  1076 | D:2      | Gained mutation: You possess an exceptional clarity of
                  | mind. [potion of mutation]
  1077 | D:2      | HP: 1/31 [poisoned by an adder]
  1109 | D:2      | Noticed Natasha
  1145 | D:2      | HP: 1/31 [cerulean imp/+2 spear[Natasha] (4)]
  1146 | D:2      | Slain by a cerulean imp

Illustrated notes

Levels and vault maps discovered:
D:1:      lightli_arrival_quake, layout_basic, roderic_serpentine_path,
          minmay_pentomino_x4
D:2:      layout_basic, uniq_natasha, uniq_sigmund

Skill      XL: |  1  2  3 |
---------------+----------+-----
Short Blades   | 1 |  1.9
Fighting       | 3 |  3.1
Long Blades    | |  3.8
Throwing       | |  1.7
Dodging        | |  2.6

Action                     |  1- 3 |  4- 6 || total
---------------------------+-------+-------++-------
  Melee: Long sword        |    69 |    23 ||    92
         Dagger            |    39 |       ||    39
         Short sword       |    22 |    23 ||    45
    Use: Potion            |       |     4 ||     4
   Stab: Sleeping          |     2 |       ||     2
 Armour: Leather armour    |    48 |    20 ||    68
  Dodge: Dodged            |    41 |    13 ||    54

Table legend: (Time is in decaauts)
 A = Elapsed time spent in this place.
 B = Non-inter-level travel time spent in this place.
 C = Inter-level travel time spent in this place.
 D = Time resting spent in this place.
 E = Time spent auto-exploring this place.
 F = Levels seen in this place.
 G = Mean time per level.
                   A        B        C        D        E       F      G
               +--------+--------+--------+--------+--------+-----+--------+
         Total |   1151 |   1085 |     66 |      0 |    838 |   2 |  575.5 |
       Dungeon |   1151 |   1085 |     66 |      0 |    838 |   2 |  575.5 |
               +--------+--------+--------+--------+--------+-----+--------+

Top non-repeatable levels by time:
     D:1: 848 daAuts
     D:2: 303 daAuts
